 Dungeon Crawl Stone Soup version 0.30-a0-883-g5ad918d77d (webtiles) character file.

Game seed: 10927159772388676383

840 Sanktem7 the Chopper (level 7, -1/62 HPs)
             Began as a Minotaur Fighter on Mar 16, 2023.
             Was an Initiate of Okawaru.
             Slain by a gnoll
             ... wielding a +0 halberd
             ... led by a gnoll sergeant
              (7 damage)
             ... on level 5 of the Dungeon.
             The game lasted 00:09:25 (4377 turns).

Sanktem7 the Chopper (Minotaur Fighter)             Turns: 4377, Time: 00:09:26

Health: -1/62      AC:  8    Str: 23    XL:     7   Next: 67%
Magic:  6/6        EV: 14    Int:  5    God:    Okawaru [......]
Gold:   90         SH:  5    Dex:  9    Spells: 6/6 levels left

rFire   + . .      SeeInvis .    a - +1 war axe (flame)
rCold   . . .      Faith    .    c - +0 buckler
rNeg    . . .      Spirit   .    b - +0 scale mail
rPois   .          Reflect  .    (helmet restricted)
rElec   .          Rampage  .    u - +0 cloak
rCorr   .                        (no gloves)
Will    .....                    (no boots) Stlth
                                 (no amulet)
HPRegen 0.30/turn                i - +5 ring of evasion
MPRegen 0.10/turn                x - ring of protection from fire

@: no status effects
A: horns 2, retaliatory headbutt
a: Renounce Religion


You were on level 5 of the Dungeon.
You worshipped Okawaru.
Okawaru was noncommittal.
You visited 2 branches of the dungeon, and saw 6 of its levels.
You also visited: Sewer.

You collected 307 gold pieces.
You spent 217 gold pieces at shops.

Inventory:

Hand Weapons
 a - a +1 war axe of flaming (weapon)
 n - the +5 mace of the Loving Dragonfly {speed, rElec rCorr Str+3 Dex-4}
   (You found it on level 2 of the Dungeon)

   Str:       It affects your strength (+3).
   Dex:       It affects your dexterity (-4).
   rElec:     It insulates you from electricity.
   rCorr:     It protects you from acid and corrosion.
Armour
 b - a +0 scale mail (worn)
 c - a +0 buckler (worn)
 u - a +0 cloak (worn)
Jewellery
 i - a +5 ring of evasion (left hand)
 x - a ring of protection from fire (right hand)
Wands
 r - a wand of flame (24)
Scrolls
 g - 2 scrolls of poison
 h - 3 scrolls of fog
 k - 2 scrolls of butterflies
 o - 2 scrolls of fear
Potions
 d - a potion of might
 e - 2 potions of magic
 l - 2 potions of flight
 m - 2 potions of attraction
 q - 3 potions of curing
 s - a potion of brilliance {unknown}
 z - 2 potions of haste {unknown}
 A - a potion of heal wounds {unknown}


   Skills:
 + Level 5.8 Fighting
 * Level 6.9 Axes
 + Level 5.8 Armour
 + Level 5.8 Shields
 + Level 1.2 Invocations


You had 6 spell levels left.
You didn't know any spells.
Your spell library contained the following spells:

 Spells                   Type           Power      Damage    Failure   Level
 Cigotuvi's Dreadful Rot  Necr/Pois/Air  0%         N/A       94%         2
 Poisonous Vapours        Pois/Air       0%         N/A       94%         2
 Mephitic Cloud           Conj/Pois/Air  0%         N/A       99%         3
 Leda's Liquefaction      Hex/Erth       0%         N/A       100%        4
 Manifold Assault         Tloc           0%         N/A       100%        4
 Lee's Rapid Deconstruct  Erth           0%         3d4*      100%        5
 Dispersal                Tloc           0%         N/A       100%        6
 Statue Form              Tmut/Erth      0%         N/A       100%        6
 Disjunction              Tloc           0%         N/A       100%        8


Dungeon Overview and Level Annotations

Branches:
Dungeon (5/15)             Temple (1/1) D:5           Sewer (visited)

Altars:
Ashenzari
Cheibriados
Gozag
Hepliaklqana
Kikubaaqudgha
Okawaru
Qazlal
Ru
Uskayaw
Vehumet
Wu Jian
Yredelemnul
The Shining One

Shops:
D:1 *


Innate Abilities, Weirdness & Mutations

You have a pair of horns on your head.
You reflexively headbutt those who attack you in melee.


Message History

You are too injured to fight recklessly!
You are too injured to fight recklessly!
You are too injured to fight recklessly!
You are too injured to fight recklessly!
You are too injured to fight recklessly!
You are too injured to fight recklessly!
You are too injured to fight recklessly!
You are too injured to fight recklessly!
You are too injured to fight recklessly!
You are too injured to fight recklessly!
Unknown command.
The gnoll hits you but does no damage. x2; The gnoll barely misses you.
You furiously retaliate!
You headbutt the gnoll!
The gnoll sergeant hits you with a +0 trident of flaming!
The gnoll sergeant burns you.
* * * LOW HITPOINT WARNING * * *
You barely miss the gnoll. Your headbutt misses the gnoll.
The gnoll is severely wounded.
You hit the gnoll. You burn the gnoll. You hit the gnoll sergeant.
You burn the gnoll sergeant. You slash the gnoll! You burn the gnoll.
The gnoll hits you but does no damage. x2
The gnoll hits you with a +0 halberd.
* * * LOW HITPOINT WARNING * * *
The gnoll sergeant hits you with a +0 trident of flaming!
* * * LOW HITPOINT WARNING * * *
The gnoll sergeant blocks your attack.
The gnoll sergeant is lightly wounded.
You hit the gnoll. You burn the gnoll.
You kill the gnoll!
Okawaru accepts your kill.
You hit the gnoll. You burn the gnoll.
You kill the gnoll!
Okawaru accepts your kill.
You hit the gnoll but do no damage. You block the gnoll sergeant's attack.
The gnoll hits you with a +0 halberd!
* * * LOW HITPOINT WARNING * * *
Unknown command.
You feel better. The gnoll sergeant barely misses you.
The gnoll hits you with a +0 halberd!
You die...

...## ....##
....<########## #
......†.....>.. .# #
.....##.###########.#
.# ....###.#
#.....#... ....###.#
##......... ........#
#...g...... ###.###[#
#.)@g...... #.# #.#
#..)...#... ##.###.#
#.#..#.# ##.#.##.#
#.#.## # ..###...#
#.#.# ##.#.##.# #.#.#
##.###.######.#.#
###.# #........#.#
.##.# ##########.#


You could see a gnoll sergeant (reflecting) and a gnoll.

Vanquished Creatures
  An ice beast (D:3)
  A black bear (D:5)
  An ogre (D:4)
  A scorpion (D:5)
  2 hounds (D:5)
  Crazy Yiuf (D:3)
  2 sleepcaps
  3 iguanas
  7 gnolls
  5 river rats (Sewer)
  9 adders
  An ufetubus (D:4)
  2 worms
  6 dart slugs
  3 orcs (D:3)
  4 endoplasms
  5 giant cockroaches
  7 goblins
  2 hobgoblins
  9 jackals
  4 quokkas
  7 ball pythons
  5 bats
  6 frilled lizards
  6 kobolds
  4 rats
104 creatures vanquished.

Vanquished Creatures (others)
  8 plants (Sewer)
8 creatures vanquished.

Grand Total: 112 creatures vanquished

Notes
Turn   | Place    | Note
-------+----------+-------------------------------------------
     0 | D:1      | Sanktem7 the Minotaur Fighter began the quest for the Orb.
     0 | D:1      | Reached XP level 1. HP: 19/19 MP: 0/0
   438 | D:1      | Reached XP level 2. HP: 27/27 MP: 1/1
   445 | D:1      | Found Joawolec's General Store.
   797 | D:2      | Reached skill level 3 in Axes
   826 | D:2      | Reached XP level 3. HP: 28/33 MP: 2/2
   965 | D:2      | Found a faded altar of an unknown god.
  1040 | D:2      | Reached XP level 4. HP: 40/40 MP: 3/3
  1042 | D:2      | Identified the +5 mace of the Loving Dragonfly {speed,
                  | rElec rCorr Str+3 Dex-4}
  1426 | D:3      | Noticed an ice beast
  1435 | D:3      | Killed an ice beast
  1436 | D:3      | Reached skill level 4 in Axes
  1436 | D:3      | Reached XP level 5. HP: 47/47 MP: 4/4
  2035 | D:3      | Found a runed translucent door.
  2036 | D:3      | Noticed Crazy Yiuf
  2042 | D:3      | Killed Crazy Yiuf
  2043 | D:3      | Reached skill level 5 in Axes
  2142 | D:4      | Noticed an ogre
  2146 | D:4      | Killed an ogre
  2147 | D:4      | Reached skill level 5 in Fighting
  2147 | D:4      | Reached skill level 5 in Shields
  2147 | D:4      | Reached XP level 6. HP: 31/56 MP: 5/5
  2449 | D:4      | Identified the +1 spear of Sudden Death {protect, rElec
                  | MP-9 Int+9}
  2539 | D:4      | Reached skill level 5 in Armour
  3136 | D:5      | Entered Level 5 of the Dungeon
  3171 | D:5      | Reached skill level 6 in Axes
  3171 | D:5      | Reached XP level 7. HP: 61/61 MP: 6/6
  3183 | D:5      | Found a staircase to the Ecumenical Temple.
  3231 | Temple   | Entered the Ecumenical Temple
  3280 | Temple   | Became a worshipper of Warmaster Okawaru
  3312 | D:5      | Found a glowing drain.
  3324 | Sewer    | Entered a sewer
  4207 | D:1      | Bought a potion of curing for 42 gold pieces
  4207 | D:1      | Bought a scroll of brand weapon for 133 gold pieces
  4207 | D:1      | Bought a potion of curing for 42 gold pieces
  4318 | D:5      | Reached skill level 1 in Invocations
  4376 | D:5      | HP: 1/62 [gnoll/+0 halberd[a gnoll sergeant] (7)]
  4377 | D:5      | Slain by a gnoll

Illustrated notes

Levels and vault maps discovered:
D:1:      dpeg_arrival_arbitrary_a, layout_basic, serial_shops, shop,
          minmay_misc_feat_doors
D:2:      layout_basic, dreamdust_ecumenical_altar_statues, serial_glass,
          glass_columns_a, glass_columns_b
D:3:      layout_basic, uniq_crazy_yiuf_cottage
D:4:      layout_loops_corners
D:5:      layout_loops_ring, minmay_temple_entry_sparse_star,
          portal_sewer_entry_b, serial_bayou_lake_a
Temple:   mainiacjoe_temple_coin_purse

Skill      XL: |  1  2  3  4  5  6  7 |
---------------+----------------------+-----
Axes           | 3 4 5 6 |  6.9
Fighting       | 4 5 |  5.8
Armour         | 4 5 |  5.8
Shields        | 4 5 |  5.8
Invocations    | 1 |  1.2

Action                     |  1- 3 |  4- 6 |  7- 9 || total
---------------------------+-------+-------+-------++-------
  Melee: War axe           |    59 |   115 |    80 ||   254
         Headbutt          |     7 |    21 |    10 ||    38
    Use: Scroll            |       |       |    15 ||    15
         Potion            |       |       |     1 ||     1
 Armour: Scale mail        |    28 |    31 |    35 ||    94
  Dodge: Dodged            |    32 |    79 |    62 ||   173
  Block: Buckler           |    16 |    28 |    24 ||    68

Table legend: (Time is in decaauts)
 A = Elapsed time spent in this place.
 B = Non-inter-level travel time spent in this place.
 C = Inter-level travel time spent in this place.
 D = Time resting spent in this place.
 E = Time spent auto-exploring this place.
 F = Levels seen in this place.
 G = Mean time per level.
                   A        B        C        D        E       F      G
               +--------+--------+--------+--------+--------+-----+--------+
         Total |   4600 |   4210 |    390 |      0 |   3420 |   7 |  657.1 |
       Dungeon |   3629 |   3239 |    390 |      0 |   2659 |   5 |  725.8 |
        Temple |     64 |     64 |      0 |      0 |     35 |   1 |   64.0 |
         Sewer |    906 |    906 |      0 |      0 |    726 |   1 |  906.0 |
               +--------+--------+--------+--------+--------+-----+--------+

Top non-repeatable levels by time:
     D:4: 1128 daAuts
   Sewer: 906 daAuts
     D:1: 830 daAuts
     D:3: 747 daAuts
     D:2: 670 daAuts
     D:5: 251 daAuts
  Temple: 64 daAuts
